 Dungeon Crawl Stone Soup version 0.25.1-8-g42b30a86e7 (webtiles) character file.

Game seed: 7961371617369412897

115 Clowwww the Shield-Bearer (level 4, -5/35 HPs)
             Began as a Demonspawn Fighter on Dec 23, 2020.
             Killed by nerve-wracking pain
             ... invoked by an orc priest
              (14 damage)
             ... on level 3 of the Dungeon.
             The game lasted 00:03:39 (2210 turns).

Clowwww the Shield-Bearer (Demonspawn Fighter)      Turns: 2210, Time: 00:03:40

Health: -5/35      AC:  8    Str: 17    XL:     4   Next: 68%
Magic:  4/4        EV:  7    Int:  9    God:
Gold:   112        SH:  9    Dex: 13    Spells: 3/3 levels left

rFire    + . .     SeeInvis .   a - +0 war axe
rCold    + . .     Gourm    .   c - +0 kite shield
rNeg     . . .     Faith    .   b - +2 scale mail
rPois    .         Spirit   .   (helmet restricted)
rElec    .         Reflect  .   n - scarf {rC+ rF+}
rCorr    .         Harm     .   (no gloves)
MR       .....                  (no boots)
Stlth    ..........             (no amulet)
HPRegen  0.11/turn              (no ring)
MPRegen  0.09/turn              (no ring)

@: mighty
A: antennae 1, rot immunity
a: no special abilities


You were on level 3 of the Dungeon.
You were not hungry.

You visited 1 branch of the dungeon, and saw 3 of its levels.

You collected 112 gold pieces.

Inventory:

Hand Weapons
 a - a +0 war axe (weapon)
Armour
 b - a +2 scale mail (worn)
 c - a +0 kite shield (worn)
 n - a scarf of resistance (worn)
Scrolls
 h - a scroll of fog
 i - a scroll of identify {unknown}
 k - a scroll of enchant weapon {unknown}
 l - a scroll of amnesia {unknown}
 p - a scroll of teleportation {unknown}
 r - a scroll of fear {unknown}
Potions
 d - a potion of might
 g - a potion of brilliance {unknown}
 j - a potion of stabbing {unknown}
 m - 2 potions of flight {unknown}
 o - 3 potions of mutation {unknown}
 q - a potion of haste {unknown}
 s - 2 potions of curing {unknown}
Comestibles
 f - 6 rations


   Skills:
 + Level 3.2 Fighting
 + Level 2.9 Axes
 + Level 3.1 Armour
 + Level 0.2 Dodging
 + Level 3.8 Shields


You had 3 spell levels left.
You didn't know any spells.
Your spell library was empty.

Dungeon Overview and Level Annotations

Branches:
Dungeon (3/15)

Altars:


Innate Abilities, Weirdness & Mutations

You have a pair of small antennae on your head.
You are immune to rotting.


Message History

You slash something!
Something hits you but does no damage. x2
You aren't carrying any items that you can evoke.
Unknown command.
Okay, then.
Okay, then.
Okay, then.
An orc is nearby!
As you read the scroll of fog, it crumbles to dust.
The scroll dissolves into smoke.
Something hits you but does no damage.
You slice something!!
Reactivating autopickup.
You feel a bit more experienced.
Your shield and scale mail prevent you from hitting the orc.
The orc hits you but does no damage.
The orc priest looks braver for a moment.
You slash the orc!
You kill the orc!
The orc priest mumbles some strange prayers to Beogh against you.
Pain shoots through your body!
You die...

.##.### #######...#
.##.#.# ..........#
.##...# ........o.#
.##...# ..........#
......# ..........#
.##.#.# ..........#
.##.#.# .......§..#
.##.#.# #########o##
..#.#.# #....§§@§§#
..#.#.####.#########
..#.#.......#
#.#.######..# #.#.#
#..# ....# #..#
#.### #..#
#)########..#
#...........#


You could see an orc priest.

Vanquished Creatures
  An orc wizard (D:3)
  3 adders (D:2)
  A worm (D:2)
  3 dart slugs
  2 leopard geckos
  3 orcs (D:3)
  3 bats
  2 giant cockroaches
  6 goblins
  3 hobgoblins
  4 jackals (D:2)
  A quokka (D:2)
  3 frilled lizards
  6 kobolds
  8 rats
49 creatures vanquished.

Notes
Turn   | Place    | Note
-------+----------+-------------------------------------------
     0 | D:1      | Clowwww the Demonspawn Fighter began the quest for the Orb.
     0 | D:1      | Reached XP level 1. HP: 18/18 MP: 1/1
   211 | D:1      | Gained mutation: You have a pair of small antennae on your
                  | head. [demonic ancestry]
   211 | D:1      | Reached XP level 2. HP: 20/24 MP: 2/2
   973 | D:2      | Gained mutation: You are immune to rotting. [demonic
                  | ancestry]
   973 | D:2      | Reached XP level 3. HP: 29/29 MP: 3/3
  1837 | D:2      | Reached XP level 4. HP: 31/35 MP: 4/4
  2210 | D:3      | Killed from afar by an orc priest

Illustrated notes

Levels and vault maps discovered:
D:1:      eino_arrival_tree_alley, layout_basic
D:2:      layout_basic, first_ration, minmay_split_cup_large
D:3:      layout_basic, st_stairs_8, grunt_decor_fettered

Skill      XL: |  1  2  3 |
---------------+----------+-----
Axes           | 2 |  2.9
Armour         | 3 |  3.1
Shields        | 3 |  3.8
Fighting       | |  3.2
Dodging        | |  0.2

Action                   |  1- 3 |  4- 6 || total
-------------------------+-------+-------++-------
Melee: War axe           |   120 |    44 ||   164
  Use: Scroll            |       |     4 ||     4
       Potion            |       |     1 ||     1
  Eat: Chunk             |     3 |     1 ||     4
Armor: Scale mail        |    65 |    23 ||    88
Dodge: Dodged            |    45 |    10 ||    55
Block: Kite shield       |    76 |    16 ||    92
